Description

easy 2base gateway allin

VOD

https://www.youtube.com/watch?v=2Px6u2Qa7ME

Build Order

Get SALT Encoding   

  15  0:25  Pylon  at expo
  17  1:00  Nexus  
  17  1:15  Forge  
  18  1:30  Gateway  
  19  1:40  Assimilator  only gas you take
  21  1:55  Photon Cannon  at natural, wall off
  22  2:20  Cybernetics Core  
  28  2:45  Protoss Ground Weapons Level 1 (Chrono Boost)  
  30  3:00  Warp Gate (Chrono Boost)  
  36  3:30  Gateway x3  
  36  3:40  Gateway x3  go up to 7 gates total - timing isn't important just build as you get the minerals
  38  4:00  Pylon  proxy pylon - timing/supply doesnt matter, just make sure you have a proxy
  41  4:10  Mothership Core  
  41  4:35  Protoss Ground Armor Level 1  
Spawning Tool Build Advisor. Get it on Overwolf

Analysis

1 gas, forge +1, chrono warp gate, ez win

Go to:

Details

  • Created by: Dranzogger
  • Published on: Jun 22, 2016
  • Modified on: Jun 22, 2016
  • Patch: Pre-3.8.0
Show
View Real Time Build Order
Export as new Build Order

Comments (1)

On Aug. 8, 2016, 1:11 a.m., Zery  said:

Just 100% useless vs roach u_u

Create an account to comment!